 Dungeon Crawl Stone Soup version 0.28-a0-821-g923ab73998 (webtiles) character file.

Game seed: 5663361567153179742

112 Decritt the Chopper (level 4, -1/41 HPs)
             Began as a Hill Orc Monk on Nov 9, 2021.
             Splashed by a jelly's acid (7 damage)
             ... on level 2 of the Dungeon.
             The game lasted 00:04:31 (1416 turns).

Decritt the Chopper (Hill Orc Monk)                 Turns: 1416, Time: 00:04:32

Health: -1/41      AC:  1    Str: 14    XL:     4   Next: 95%
Magic:  4/4        EV: 11    Int: 10    God:
Gold:   43         SH:  0    Dex: 13    Spells: 3/3 levels left

rFire   . . .      SeeInvis .   a - +0 hand axe
rCold   . . .      Faith    .   (no shield)
rNeg    . . .      Spirit   .   c - +0 ring mail
rPois   .          Reflect  .   (no helmet)
rElec   .          Harm     .   o - scarf {repulsion}
rCorr   .          Rampage  .   (no gloves)
Will    .....                   (no boots)
Stlth   +.........              (no amulet)
HPRegen 0.13/turn               (no ring)
MPRegen 0.09/turn               (no ring)

@: corroded, repel missiles
A: no striking features
a: no special abilities


You were on level 2 of the Dungeon.
You visited 1 branch of the dungeon, and saw 2 of its levels.

You collected 43 gold pieces.

Inventory:

Hand Weapons
 a - a +0 hand axe (weapon)
Missiles
 d - 6 poisoned darts (quivered)
Armour
 b - a +0 robe
 c - a +0 ring mail (worn)
 o - a scarf of repulsion (worn)
Scrolls
 g - a scroll of holy word {unknown}
 j - a scroll of acquirement {unknown}
 k - a scroll of enchant weapon {unknown}
 l - 2 scrolls of identify {unknown}
 m - a scroll of silence {unknown}
Potions
 e - a potion of haste {unknown}
 f - a potion of might {unknown}
 i - a potion of heal wounds {unknown}
 n - a potion of curing {unknown}


   Skills:
 + Level 4.8 Fighting
 + Level 5.3 Axes
 + Level 2.5 Armour
 - Level 2.4 Dodging
 - Level 1.5 Stealth


You had 3 spell levels left.
You didn't know any spells.
Your spell library contained the following spells:

 Spells                   Type           Power      Damage    Failure   Level
 Ensorcelled Hibernation  Hex/Ice        0%         N/A       75%         2
 Spider Form              Tmut/Pois      0%         N/A       92%         3


Dungeon Overview and Level Annotations

Branches:
Dungeon (2/15)

Altars:


Message History

The endoplasm quivers.
You throw a poisoned dart. The poisoned dart hits the endoplasm.
You throw a poisoned dart. The poisoned dart hits the endoplasm.
You hit the endoplasm.
The endoplasm is heavily wounded.
The endoplasm freezes you.
You are frozen.
You hit the endoplasm but do no damage.
The endoplasm is heavily wounded.
The endoplasm freezes you.
You are frozen.
You hit the endoplasm.
You kill the endoplasm!
No target in view!
A jelly comes into view.
A jelly is nearby!
You throw a poisoned dart. The poisoned dart hits the jelly.
You throw a poisoned dart. The poisoned dart hits the jelly.
You throw a poisoned dart. The poisoned dart hits the jelly.
You throw a poisoned dart. The poisoned dart hits the jelly.
You hit the jelly.
Your hands burn!
The jelly is moderately wounded.
The jelly misses you.
Press: ? - help, v - describe, . - travel
Here: a jelly (moderately wounded)
The floor.
You hit the jelly.
Your hands burn!
The jelly is severely wounded.
The jelly hits you but does no damage.
You hit the jelly. The acid corrodes you!
Your hands burn!
The jelly is severely wounded.
The jelly hits you.
You are splashed with acid!
* * * LOW HITPOINT WARNING * * *
You hit the jelly.
Your hands burn!
* * * LOW HITPOINT WARNING * * *
The jelly is severely wounded.
The jelly hits you.
* * * LOW HITPOINT WARNING * * *
You are splashed with acid!
You die...

.#####.##.# .##.......#
.##.#.###.## .....##
##.# .....# ### ###
...#)# #######.##
.#..)####....#.#.#
.##...##.....#.#.#
......'......#)#@#
......'........#J#
......'.)......#(#
..#...##.......#(#
.....####......##(÷PPJJ.
..#..########### #....J.
.....#.####### ######
.............#######
....##..............


You could see a jelly.

Vanquished Creatures
  A jelly (D:2)
  An adder (D:2)
  A worm (D:2)
  2 dart slugs
  3 ball pythons
  2 bats
  6 endoplasms (D:2)
  3 giant cockroaches (D:1)
  5 goblins (D:1)
  7 hobgoblins
  4 jackals (D:2)
  3 quokkas
  2 frilled lizards (D:1)
  11 kobolds
  8 rats
59 creatures vanquished.

Vanquished Creatures (others)
  9 fungi (D:2)
  8 toadstools (D:2)
17 creatures vanquished.

Grand Total: 76 creatures vanquished

Notes
Turn   | Place    | Note
-------+----------+-------------------------------------------
     0 | D:1      | Decritt the Hill Orc Monk began the quest for the Orb.
     0 | D:1      | Reached XP level 1. HP: 19/19 MP: 1/1
    64 | D:1      | Reached XP level 2. HP: 25/27 MP: 2/2
   209 | D:1      | Reached skill level 1 in Armour
   537 | D:1      | Reached XP level 3. HP: 27/33 MP: 3/3
   971 | D:2      | Reached XP level 4. HP: 41/41 MP: 4/4
  1001 | D:2      | Reached skill level 5 in Axes
  1416 | D:2      | Splashed by a jelly's acid

Illustrated notes

Levels and vault maps discovered:
D:1:      minmay_arrival_four_circles, layout_basic
D:2:      cheibrodos_fertilizer, layout_loops_cross,
          hellmonk_ecumenical_altar_blasted, minmay_pentomino_s4, uniq_jessica,
          uniq_crazy_yiuf_cottage

Skill      XL: |  1  2  3  4 |
---------------+-------------+-----
Armour         | 1 2 |  2.5
Fighting       | 4 |  4.8
Axes           | 5 |  5.3
Dodging        | |  2.4
Stealth        | |  1.5

Action                   |  1- 3 |  4- 6 || total
-------------------------+-------+-------++-------
Melee: Hand axe          |    93 |    53 ||   146
Throw: Dart              |    35 |    32 ||    67
Armor: Ring mail         |    29 |    13 ||    42
Dodge: Dodged            |    48 |    16 ||    64

Table legend: (Time is in decaauts)
 A = Elapsed time spent in this place.
 B = Non-inter-level travel time spent in this place.
 C = Inter-level travel time spent in this place.
 D = Time resting spent in this place.
 E = Time spent auto-exploring this place.
 F = Levels seen in this place.
 G = Mean time per level.
                   A        B        C        D        E       F      G
               +--------+--------+--------+--------+--------+-----+--------+
         Total |   1424 |   1413 |     11 |      0 |   1029 |   2 |  712.0 |
       Dungeon |   1424 |   1413 |     11 |      0 |   1029 |   2 |  712.0 |
               +--------+--------+--------+--------+--------+-----+--------+

Top non-repeatable levels by time:
     D:1: 794 daAuts
     D:2: 629 daAuts
